 Dungeon Crawl Stone Soup version 0.30-a0-586-g23e55c9e0a (webtiles) character file.

Game seed: 2651276681508653647

133 bande the Covered (level 5, 0/33 HPs)
             Began as a Gargoyle Fighter on Jan 4, 2023.
             Slain by a gnoll bouda
             ... wielding a +0 club
              (3 damage)
             ... on level 4 of the Dungeon.
             The game lasted 00:02:45 (2762 turns).

bande the Covered (Gargoyle Fighter)                Turns: 2762, Time: 00:02:46

Health: 0/33       AC: 15    Str: 20    XL:     5   Next: 16%
Magic:  5/5        EV:  5    Int:  8    God:
Gold:   146        SH:  4    Dex: 11    Spells: 4/4 levels left

rFire   . . .      SeeInvis .    a - +0 war axe
rCold   . . .      Faith    .    c - +0 buckler
rNeg    + . .      Spirit   .    m - +0 plate armour
rPois   ∞          Reflect  .    (no helmet)
rElec   +          Harm     .    (no cloak)
rCorr   +          Rampage  .    (no gloves)
Will    .....                    (no boots) Stlth
                                 (no amulet)
HPRegen 0.25/turn                p - ring of resist corrosion
MPRegen 0.09/turn                (no ring)

@: weakened
A: sickness immunity, AC +4, negative energy resistance 1, electricity
resistance, torment resistance 1, petrification resistance
a: no special abilities


You were on level 4 of the Dungeon.
You visited 1 branch of the dungeon, and saw 4 of its levels.

You collected 146 gold pieces.

Inventory:

Hand Weapons
 a - a +0 war axe (weapon)
 n - a +0 flail
Armour
 c - a +0 buckler (worn)
 m - a +0 plate armour (worn)
Jewellery
 p - a ring of resist corrosion (left hand)
 x - an amulet of the acrobat
Scrolls
 f - 6 scrolls of identify {unknown}
 h - a scroll of fear {unknown}
 i - a scroll of immolation {unknown}
 j - a scroll of amnesia {unknown}
 k - 3 scrolls of teleportation {unknown}
 o - a scroll of silence {unknown}
 r - a scroll of noise {unknown}
 u - 3 scrolls of enchant armour {unknown}
 w - a scroll of enchant weapon {unknown}
 y - a scroll of blinking {unknown}
Potions
 b - 3 potions of degeneration {unknown}
 d - a potion of might
 e - a potion of brilliance {unknown}
 g - a potion of lignification {unknown}
 l - a potion of attraction {unknown}
 q - a potion of curing {unknown}
 s - a potion of berserk rage {unknown}
 t - a potion of heal wounds {unknown}
 v - 4 potions of invisibility {unknown}


   Skills:
 + Level 4.1 Fighting
 + Level 3.1 Axes
 + Level 4.3 Armour
 + Level 3.7 Shields


You had 4 spell levels left.
You didn't know any spells.
Your spell library contained the following spells:

 Spells                   Type           Power      Damage    Failure   Level
 Yara's Violent Unravell  Hex/Tmut       0%         3d3       100%        5
 Enfeeble                 Hex            0%         N/A       100%        7


Dungeon Overview and Level Annotations

Branches:
Dungeon (4/15)
 Temple: D:4-7

Altars:


Innate Abilities, Weirdness & Mutations

You are immune to sickness and miasma.
Your stone body is resilient. (AC +4)
You are immune to poison.
You resist negative energy. (rN+)
You are resistant to electric shocks. (rElec)
You are resistant to unholy torment.
You are immune to petrification.


Message History

You slash the gnoll!
The gnoll is severely wounded.
You barely miss the gnoll bouda. You block the gnoll bouda's attack.
The gnoll barely misses you.
You barely miss the gnoll.
The gnoll is severely wounded.
You closely miss the gnoll bouda. The gnoll bouda completely misses you.
The gnoll hits you but does no damage.
The gnoll bouda hits you but does no damage.
You block the gnoll's attack.
Unknown command.
You hit the gnoll.
The gnoll is almost dead.
You closely miss the gnoll bouda. You block the gnoll bouda's attack.
You block the gnoll's attack.
Unknown command.
You closely miss the gnoll.
The gnoll is almost dead.
You hit the gnoll bouda.
The gnoll bouda prays to its god.
The gnoll bouda is healed somewhat.
The gnoll hits you with a +0 halberd!
* * * LOW HITPOINT WARNING * * *
Unknown command.
You slash the gnoll!
You kill the gnoll!
You hit the gnoll bouda but do no damage.
The gnoll bouda hits you but does no damage. x2
You barely miss the gnoll bouda.
The gnoll bouda is heavily wounded.
The gnoll bouda barely misses you.
You slash the gnoll bouda!
The gnoll bouda is almost dead.
The gnoll bouda utters an invocation to its god.
The gnoll bouda is healed somewhat.
You block the gnoll bouda's attack.
You hit the gnoll bouda but do no damage.
The gnoll bouda is severely wounded.
The gnoll bouda gazes fiercely through you!
You feel your attacks grow feeble.
The gnoll bouda hits you with a +0 club.
You die...

......###.##
.......#...##
............#
..........##
.........##
#........##
#........#
#........###
#....@)....##
##..g.......###
#.<..........###
#.....##.......###
##..#####........##
#### ##.........
##........
##....... ##.....


You could see a gnoll bouda.

Vanquished Creatures
  Terence (D:2)
  An iguana (D:3)
  3 gnolls
  2 adders (D:3)
  2 dart slugs
  3 ball pythons (D:1)
  2 endoplasms (D:3)
  A giant cockroach (D:3)
  A goblin (D:3)
  4 hobgoblins
  3 quokkas
  4 bats
  2 frilled lizards
  4 kobolds
  A rat (D:2)
34 creatures vanquished.

Notes
Turn   | Place    | Note
-------+----------+-------------------------------------------
     0 | D:1      | bande the Gargoyle Fighter began the quest for the Orb.
     0 | D:1      | Reached XP level 1. HP: 14/14 MP: 1/1
   481 | D:1      | Reached XP level 2. HP: 19/19 MP: 2/2
   531 | D:2      | Noticed Terence
   545 | D:2      | Killed Terence
   546 | D:2      | Reached XP level 3. HP: 24/24 MP: 3/3
  1620 | D:3      | Reached XP level 4. HP: 28/29 MP: 4/4
  2563 | D:3      | Reached XP level 5. HP: 14/33 MP: 5/5
  2762 | D:4      | Slain by a gnoll bouda

Illustrated notes

Levels and vault maps discovered:
D:1:      roderic_octagonal_star, layout_rooms, hangedman_decor_growths
D:2:      layout_basic, minivault_27, uniq_terence
D:3:      layout_basic
D:4:      layout_cave_pods

Skill      XL: |  1  2  3  4 |
---------------+-------------+-----
Axes           | 2 3 |  3.1
Armour         | 4 |  4.3
Fighting       | 4 |  4.1
Shields        | |  3.7

Action                   |  1- 3 |  4- 6 || total
-------------------------+-------+-------++-------
Melee: War axe           |    86 |    50 ||   136
Armor: Scale mail        |    14 |       ||    14
       Plate armour      |    49 |    41 ||    90
Dodge: Dodged            |    29 |    19 ||    48
Block: Buckler           |    21 |    15 ||    36

Table legend: (Time is in decaauts)
 A = Elapsed time spent in this place.
 B = Non-inter-level travel time spent in this place.
 C = Inter-level travel time spent in this place.
 D = Time resting spent in this place.
 E = Time spent auto-exploring this place.
 F = Levels seen in this place.
 G = Mean time per level.
                   A        B        C        D        E       F      G
               +--------+--------+--------+--------+--------+-----+--------+
         Total |   2821 |   2821 |      0 |    755 |   1630 |   4 |  705.2 |
       Dungeon |   2821 |   2821 |      0 |    755 |   1630 |   4 |  705.2 |
               +--------+--------+--------+--------+--------+-----+--------+

Top non-repeatable levels by time:
     D:3: 1243 daAuts
     D:2: 974 daAuts
     D:1: 540 daAuts
     D:4: 62 daAuts
